Cogmind - Beta 10.2 @@@ ROGUE MODE // 2021.07.10 @ 18:43:51 Player: Plexion Result: Self-destructed Performance ------------- Evolutions (1) 500 Regions Visited (4) 800 Robots Destroyed (53) 265 Value Destroyed (1273) 1273 Prototype IDs (2) 40 Alien Tech Used (0) 0 Bonus (82) 82 TOTAL SCORE: 2960 Bonus ------- High Alert Combat Kills 82 Cogmind --------- Core Integrity 147/400 Matter 221/300 Energy 100/100 System Corruption 6% Temperature Cool (0) Movement Treading (160) Location -9/Mines Parts ------- > --- POWER (1) -------- (None) > --- PROPULSION (2) --- Light Treads Light Treads > --- UTILITY (4) ------ Large Storage Unit Large Storage Unit > --- WEAPON (2) ------- Heavy Assault Rifle > --- INVENTORY (16) --- Improved Ion Engine Light Treads Light Treads Light Treads Improved Treads Light Armor Plating Particle Gun Advanced Beam Cannon Light Assault Rifle Peak State ------------ > --- POWER ------------ Ion Engine > --- PROPULSION ------- Light Treads Improved Flight Unit > --- UTILITY ---------- Heat Sink Improved Heat Sink Large Storage Unit Large Storage Unit > --- WEAPON ----------- Heavy Assault Rifle Heavy Assault Rifle > --- INVENTORY -------- Light Treads Light Treads Small Storage Unit Particle Gun Light Assault Rifle Heavy Assault Rifle EMP Blaster Grenade Launcher [Rating: 16] Favorites ----------- Power Ion Engine Engine Ion Engine Propulsion Light Treads Treads Light Treads Flight Unit Improved Flight Unit Utility Large Storage Unit Device Improved Heat Sink Storage Large Storage Unit Protection Medium Armor Plating Weapon Heavy Assault Rifle Energy Gun Medium Laser Energy Cannon Advanced Beam Cannon Ballistic Gun Heavy Assault Rifle Launcher Grenade Launcher Build | -11 -10 -10 -9 -9 ------- Run | Scr Mat Min Mat Min Slots Evolved 2 | . . . 2 . Power . | . . . . . Propulsion . | . . . . . Utility 2 | . . . 2 . Weapon . | . . . . . Parts Attached 45 | 6 2 4 32 1 Power 4 | 1 . 1 2 . Engine 4 | 1 . 1 2 . Core . | . . . . . Reactor . | . . . . . Propulsion 14 | 2 1 . 11 . Treads 12 | 2 1 . 9 . Leg . | . . . . . Wheel . | . . . . . Hover . | . . . . . Flight 2 | . . . 2 . Utility 7 | 1 . 1 5 . Device 2 | . . 1 1 . Storage 3 | 1 . . 2 . Processor . | . . . . . Hackware . | . . . . . Protection 2 | . . . 2 . Artifact . | . . . . . Weapon 20 | 2 1 2 14 1 Energy Gun 3 | 1 1 1 . . Energy Cannon 1 | . . . 1 . Ballistic Gun 10 | 1 . 1 8 . Ballistic Cannon . | . . . . . Launcher 6 | . . . 5 1 Special Weapon . | . . . . . Impact Weapon . | . . . . . Slashing Weapon . | . . . . . Piercing Weapon . | . . . . . Special Melee Weapon . | . . . . . Unidentified Prototypes 2 | . . . 2 . Parts Lost 14 | . . 3 8 3 Power 3 | . . 1 1 1 Propulsion 2 | . . . 2 . Utility 3 | . . . 2 1 Weapon 6 | . . 2 3 1 Highest Loss Streak 3 | . . 2 2 3 Average Slot Usage (%) 93 | . 85 99 92 77 Engine 11 | . 14 14 9 11 Treads 23 | . 28 28 20 22 Device 12 | . . 13 14 . Storage 16 | . 14 14 18 22 Protection 3 | . . . 5 . Energy Gun 6 | . 14 13 1 . Ballistic Gun 16 | . 14 14 18 11 Naked Turns . | . . . . . Heaviest Build 51 | 10 10 14 51 . Greatest Support 40 | 40 40 40 40 . Greatest Overweight (x) 2 | . . . 2 . Average Overweight (x) . | . . . . . Largest Inventory Capacity 16 | 6 6 6 16 16 Average Capacity 10 | 5 6 6 13 16 Most Carried 16 | 2 3 5 16 9 Average Carried 6 | 1 2 4 8 9 Final Capacity 16 | 6 6 6 16 16 Final Carried 9 | 2 3 5 9 9 Class Distribution -------------------- 54% | Mutant 45% | Scavenger-Mutant Dominant Class ---------------- Mutant | -10/Materials Mutant | -10/Mines Scavenger-Mutant | -9/Materials Scavenger-Mutant | -9/Mines Resources | -11 -10 -10 -9 -9 ----------- Run | Scr Mat Min Mat Min Matter Collected 1091 | 240 58 125 668 . Remotely . | . . . . . Salvage Created 1584 | . 259 189 1107 29 Parts 110 | . 18 21 70 1 Haulers Intercepted 3 | . 1 . 2 . Recyclers Shooed . | . . . . . Parts Field Recycled . | . . . . . Retrieved Matter . | . . . . . Parts Self-Destructed . | . . . . . Prevented . | . . . . . Kills | -11 -10 -10 -9 -9 ------- Run | Scr Mat Min Mat Min Combat Hostiles Destroyed 45 | . 6 8 29 2 Guns 31 | . 6 8 17 . AOE 14 | . . . 12 2 Classes Destroyed 11 | . 4 1 5 1 Worker 1 | . . . 1 . Builder 1 | . 1 . . . Tunneler 2 | . . 1 1 . Hauler 3 | . 1 . 2 . Recycler 1 | . . . 1 . Watcher 1 | . . . 1 . Swarmer 19 | . 3 6 10 . Grunt 17 | . 3 2 11 1 Brawler 1 | . . . 1 . Sentry 7 | . . . 7 . Assembled 1 | . . . . 1 Best Kill Streak 8 | . 3 3 8 2 Combat Bots Only 5 | . 3 3 5 2 Max Kills in Single Turn 4 | . 1 1 4 1 Gunslinging . | . . . . . Exploded 3 | . . . 3 1 Melee . | . . . . . Uniques/NPCs Destroyed . | . . . . . Combat | -11 -10 -10 -9 -9 -------- Run | Scr Mat Min Mat Min Damage Taken 2297 | . 245 419 1429 204 Core 358 | . 70 35 204 49 Absorbed by Shields . | . . . . . Core Remaining (%) 79 | 100 . 58 . . Volleys Fired 139 | . 29 31 73 6 Largest 2 | . 2 2 2 2 Hottest 70 | . 70 70 70 43 Shots Fired 261 | . 57 59 138 7 Gun 248 | . 57 59 130 2 Cannon . | . . . . . Launcher 13 | . . . 8 5 Special . | . . . . . Kinetic 184 | . 28 35 119 2 Thermal 64 | . 29 24 11 . Explosive 12 | . . . 7 5 Electromagnetic 1 | . . . 1 . Robot Hit Streak 24 | . 13 7 24 8 Robot Miss Streak 4 | . 3 4 3 1 Penetration Max . | . . . . . Secondary Targets 2 | . . 1 1 . Max Gunslinging Chain 1 | . . 1 1 . Shots Hit Robots 180 | . 39 28 109 4 Core Hits 90 | . 14 13 55 8 Critical Hits . | . . . . . Critical Kills . | . . . . . Critical Parts Destroyed . | . . . . . Melee Attacks . | . . . . . Impact . | . . . . . Slashing . | . . . . . Piercing . | . . . . . Sneak Attacks . | . . . . . Combat Hostiles . | . . . . . Follow-up Attacks . | . . . . . Damage Inflicted 3392 | . 460 400 2229 303 Guns 2286 | . 460 400 1402 24 Cannons . | . . . . . Explosions 1106 | . . . 827 279 Melee . | . . . . . Ramming . | . . . . . Kinetic 1685 | . 162 210 1289 24 Thermal 633 | . 298 190 145 . Explosive 1022 | . . . 743 279 Electromagnetic 52 | . . . 52 . Impact . | . . . . . Slashing . | . . . . . Piercing . | . . . . . Highest Corruption 6 | . 4 4 6 6 Average Corruption 3 | . 3 4 3 6 Corruption Purged . | . . . . . Effects 49 | . 5 22 22 . Message Errors 13 | . . 8 5 . Matter Fused 4 | . . 3 1 . Heat Flow Errors 7 | . 1 2 4 . Energy Discharges 7 | . . 4 3 . Parts Rejected 2 | . 1 . 1 . Data Loss (minor) 4 | . . 3 1 . Data Loss (major) 1 | . . . 1 . Targeting Errors 9 | . 2 1 6 . Weapon Failures 2 | . 1 1 . . Overload Shots . | . . . . . Overflow Damage 43 | . . . 37 6 Projectiles . | . . . . . Explosions 43 | . . . 37 6 Melee . | . . . . . Knockbacks . | . . . . . Impact . | . . . . . Kinetic . | . . . . . Secondary . | . . . . . Self-Inflicted Damage 351 | . . . 268 83 Shots 8 | . . . 5 3 Rammed . | . . . . . Targets Rammed . | . . . . . Kicked . | . . . . . Crushed . | . . . . . Highest Temperature 222 | . 222 163 203 8 Average Temperature 66 | . 72 74 56 4 Received Heat Transfer 579 | . 84 63 387 45 Siege Activations . | . . . . . Robots Corrupted . | . . . . . Combat Hostiles . | . . . . . Parts Fried . | . . . . . Impact Corruptions . | . . . . . Robots Melted . | . . . . . Combat Hostiles . | . . . . . Parts Melted 4 | . 1 2 1 . Heat Transferred 1776 | . 888 555 333 . Parts Sabotaged . | . . . . . Parts Stolen . | . . . . . Parts Stripped . | . . . . . Power Chain Reactions 1 | . . . 1 . Missiles Intercepted . | . . . . . Alert | -11 -10 -10 -9 -9 ------- Run | Scr Mat Min Mat Min Peak Influence 569 | . 167 160 569 216 Initial 206 | . . . 1 206 Average 177 | . 58 48 269 206 Maximum Alert Level 2 | . . . 2 1 Low Security (%) 69 | 100 100 100 47 40 Level 1 9 | . . . 16 60 Level 2 21 | . . . 36 . Level 3 . | . . . . . Level 4 . | . . . . . Level 5 . | . . . . . High Security . | . . . . . Max Security . | . . . . . Squads Dispatched 2 | . . . 2 . Investigation . | . . . . . Extermination . | . . . . . Reinforcement 2 | . . . 2 . Assault . | . . . . . Garrison . | . . . . . Intercept . | . . . . . Construction Impeded . | . . . . . Haulers Reinforced . | . . . . . Stealth | -11 -10 -10 -9 -9 --------- Run | Scr Mat Min Mat Min Distress Signals 6 | . 2 . 4 . Communications Jammed . | . . . . . Distress Signals . | . . . . . Times Spotted 68 | . 10 8 43 7 Peak Tracking Total 5 | . 3 3 5 4 Tactical Retreats 1 | . . . 1 . Traps | -11 -10 -10 -9 -9 ------- Run | Scr Mat Min Mat Min Traps Triggered 6 | . 2 . 4 . Indirectly . | . . . . . Trap Hack Attempts . | . . . . . Triggered . | . . . . . Disarmed . | . . . . . Reprogrammed . | . . . . . Reused . | . . . . . Traps Extracted . | . . . . . Installed . | . . . . . Triggered . | . . . . . Machines | -11 -10 -10 -9 -9 ---------- Run | Scr Mat Min Mat Min Machines Disabled 8 | . . . 8 . Max in Single Turn 5 | . . . 5 . Machines Sabotaged . | . . . . . Garrisons Compromised . | . . . . . Overloaded Fab Kills . | . . . . . Fab Network Shutdowns . | . . . . . Hacking | -11 -10 -10 -9 -9 --------- Run | Scr Mat Min Mat Min Machines Accessed 3 | . . . 3 . Terminals 3 | . . . 3 . Fabricators . | . . . . . Repair Stations . | . . . . . Recycling Units . | . . . . . Scanalyzers . | . . . . . Garrison Access . | . . . . . Total Hacks 9 | . . . 9 . Successful 4 | . . . 4 . Failed 5 | . . . 5 . Catastrophic . | . . . . . Database Lockouts . | . . . . . Manual 9 | . . . 9 . Terminals 9 | . . . 9 . Fabricators . | . . . . . Repair Stations . | . . . . . Recycling Units . | . . . . . Scanalyzers . | . . . . . Garrison Access . | . . . . . Terminal Hacks 1 | . . . 1 . Zone Layout 1 | . . . 1 . Fabricator Hacks . | . . . . . Repair Station Hacks . | . . . . . Recycling Unit Hacks . | . . . . . Scanalyzer . | . . . . . Garrison Access Hacks . | . . . . . Unauthorized Hacks 3 | . . . 3 . Terminals 3 | . . . 3 . Track 3 | . . . 3 . Fabricators . | . . . . . Repair Stations . | . . . . . Recycling Units . | . . . . . Scanalyzers . | . . . . . Garrison Access . | . . . . . Data Cores Recovered . | . . . . . Used . | . . . . . Hacking Detections 1 | . . . 1 . Full Trace Events . | . . . . . Feedback Events . | . . . . . Feedback Blocked . | . . . . . Robot Schematics Acquired . | . . . . . Robots Built . | . . . . . Matter . | . . . . . Time . | . . . . . Total Robot Build Rating . | . . . . . Part Schematics Acquired . | . . . . . Parts Built . | . . . . . Matter . | . . . . . Time . | . . . . . Total Part Build Rating . | . . . . . Parts Repaired . | . . . . . Time . | . . . . . Parts Recycled . | . . . . . Recycled Matter . | . . . . . Retrieved Matter . | . . . . . Retrieved Components . | . . . . . Parts Scanalyzed . | . . . . . Part Schematics Acquired . | . . . . . Parts Damaged . | . . . . . Bothacking | -11 -10 -10 -9 -9 ------------ Run | Scr Mat Min Mat Min Used RIF Installer . | . . . . . Robots Hacked . | . . . . . Non-combat . | . . . . . Combat . | . . . . . Robot Hacks Applied . | . . . . . Relay Couplers Released . | . . . . . Robots Rewired . | . . . . . Allies Hacked . | . . . . . Hacks Repelled . | . . . . . Allies | -11 -10 -10 -9 -9 -------- Run | Scr Mat Min Mat Min Total Allies . | . . . . . Largest Group . | . . . . . Highest-Rated Group . | . . . . . Highest-Rated Ally . | . . . . . Total Orders . | . . . . . Ally Attacks . | . . . . . Total Damage . | . . . . . Kills . | . . . . . Allies Corrupted . | . . . . . Allies Melted . | . . . . . Intel | -11 -10 -10 -9 -9 ------- Run | Scr Mat Min Mat Min Robot Analysis Total . | . . . . . Derelict Logs Recovered 1 | . . 1 . . Drone Launches . | . . . . . Drone Recoveries . | . . . . . Exploration | -11 -10 -10 -9 -9 ------------- Run | Scr Mat Min Mat Min Turns Passed 2896 | 83 436 689 1673 15 Spaces Moved 1422 | 48 216 370 788 . Core 3 | 3 . . . . Treads 1419 | 45 216 370 788 . Legs . | . . . . . Wheels . | . . . . . Hover . | . . . . . Flight . | . . . . . Fastest Speed 50 | 50 160 160 160 . Average Speed 166 | 153 160 160 171 . Slowest Speed 200 | 160 160 160 200 . Overloaded Moves . | . . . . . Propulsion Burnouts . | . . . . . Robots Hopped . | . . . . . Cave-ins Triggered . | . . . . . Exploration Rate (%) 39 | 4 40 85 63 3 Regions Visited 4 Branch Regions 2 Pre-discovered Areas . | . . . . . Known Exits Taken . | . . . . . Unknown Exits Taken 4 | 1 1 1 1 . Scrap Searched 2 | . . 2 . . Spaces Dug . | . . . . . Terrain Destroyed 83 | . . . 42 41 Melee . | . . . . . Projectile . | . . . . . AOE 83 | . . . 42 41 Terrain Rammed . | . . . . . Walls Destroyed . | . . . . . Machines Disabled . | . . . . . Actions | -11 -10 -10 -9 -9 --------- Run | Scr Mat Min Mat Min Total 1698 | 55 253 409 974 7 Wait 60 | . 7 . 53 . Move 1418 | 47 215 369 787 . Hop . | . . . . . Pick Up 18 | 2 . 5 11 . Fast Attach 14 | 6 1 1 6 . Attach 13 | . . 3 10 . Detach 6 | . . . 6 . Swap 18 | . 1 . 16 1 Drop 12 | . . . 12 . Fire 139 | . 29 31 73 6 Melee . | . . . . . Ram . | . . . . . Kick . | . . . . . Crush . | . . . . . Escape Stasis . | . . . . . Rewire . | . . . . . Trap . | . . . . . Miscellaneous . | . . . . . Route ------- -11/Scrapyard -10/Materials (discovered 3 exits: *Mat / [*Min x2]) -10/Mines (discovered 2 exits: *Mat x2) -9/Materials (discovered 3 exits: [*Mat x2] / [*Min]) -9/Mines History --------- Turn | Location | Event 37 | -11/Scrapyard | Discovered new exit (range 15) 84 | -11/Scrapyard | Entered Materials 218 | -10/Materials | Discovered new exit (range 9) 303 | -10/Materials | Build established: Mutant 324 | -10/Materials | Discovered new exit (range 9) 477 | -10/Materials | Discovered new exit (range 12) 520 | -10/Materials | Entered Mines 596 | -10/Mines | Discovered new exit (range 10) 1193 | -10/Mines | Discovered new exit (range 12) 1209 | -10/Mines | Entered Materials 1209 | -9/Materials | Evolved 2 slots: Utility x2 1881 | -9/Materials | Build established: Scavenger-Mutant 1996 | -9/Materials | Discovered new exit (range 13) 2591 | -9/Materials | Core integrity fell below 50% 2696 | -9/Materials | Discovered new exit (range 13) 2851 | -9/Materials | Discovered new exit (range 13) 2882 | -9/Materials | Entered Mines 2883 | -9/Mines | Assembled infested the area 2892 | -9/Mines | Met a Derelict bent on vengeance 2897 | -9/Mines | Self-destructed Last Messages --------------- 02851_ K-01 Serf collects debris. 02851_ EXIT=FOUND 02855_ K-01 Serf collects debris. 02862_ Acquired 58 matter. 02863_ K-01 Serf collects debris. 02863_ Dropped Lgt. Treads. 02867_ K-01 Serf collects debris. LOCATION=UNKNOWN GOAL=ESCAPE Something is scanning the area. 02883_ ALERT: Infestation in the mines, dispatching Demolisher response squad. 02883_ Med. Armor Plating destroyed. 02889_ Destroyed Sml. Laser. 02889_ G-34 Mercenary destroyed. 02889_ G-47 Trooper destroyed. 02893_ as-94310 destroyed. 02895_ Grenade Launcher destroyed. 02895_ Destroyed Grenade Launcher. 02897_ Imp. Ion Engine destroyed. Map ----- +----------------------------------------------------+ | ????????????????????????????? | | ????????????????????????????? | | ????????????????????????????? | | ????????????????????????????? | | ????????????????????????????? | | ????????????????????????????? | | ????????????????????????????? | | ????????????????????????????? | | ????????????????????????????? | | ????????????????????????????? | | ????????????????????????????? | | ????????????????????????????? | | ????????????????????????????? | | ???????????????? ???????????? | | ??????????????## ??????????? | | ??????????????# ??????????? | | ??????????????# ?????????? | | ???????????????# ????????? | | ???????????????# ???????? | | ???????????????# ######?? | | ???????????????? ##? | | ?????????????????? a ! #? | | ???????????????????#a % #? | | ???????????????????# %= #? | | ???????????????????# a #? | | ???????????????????# a@ #? | | ???????????????????# #? | | ???????????????????# #? | | ???????????????????#### ####? | | ??????????????????????# ????? | | ?????????????????????? ?????? | | ?????????????????????##?????? | | ????????????????????????????? | | ????????????????????????????? | | ????????????????????????????? | | ????????????????????????????? | | ????????????????????????????? | | ????????????????????????????? | | ????????????????????????????? | | ????????????????????????????? | | ????????????????????????????? | | ????????????????????????????? | | ????????????????????????????? | | ????????????????????????????? | | ????????????????????????????? | | ????????????????????????????? | | | | | | | | | +----------------------------------------------------+ Best States ------------- Heat Dissipation 52 Energy Generation 12 Energy Capacity 265 Matter Stores 300 Matter Capacity 300 Sight Range 16 Terrain Scan Density 10 Armor Coverage 225 Evasion (%) 40 Recoil Reduction 2 Item Schematics ----------------- None Robot Schematics ------------------ None Fabricated ------------ Nothing Alien Tech Used ----------------- None Achievements -------------- None Challenges ------------ None Game ------ Seed SensorAssemblyShifter Manual? 0 Play Time 00:11:48 Cumulative 199.1 hours Start 2021.07.10 @ 18:32:24 End 2021.07.10 @ 18:43:51 Sessions 1 Manual Loads 0 Difficulty Rogue Special Mode None Game No. 258 Rogue 171 Adventurer 87 Explorer 0 Win Type - Total 4 Types 3/0/0/1/0/0/0/0/0 Lore% 68 Gallery% 76 Achievement% 62 Wizard Run 0 Options --------- ASCII 0 Keyboard 1 Movement Numpad Keybinds 0 Fullscreen 1 Font 18/Smallcaps Map View 76x50 Tactical HUD 1 Map Filters NONE Filters NONE Steam 1 RUN: a256777a-a72c-486a-893d-07534f2e6269